Gangsters vs Senators
Created - February 1, 2020 at 19:31
Goals
|
Gangsters |
2 |
1 |
1 |
4 |
Senators |
0 |
1 |
1 |
2 |
|
Shots
|
Gangsters |
14 |
7 |
11 |
32 |
Senators |
8 |
18 |
10 |
36 |
|
1st period
1. Gangsters , Devante Smith-Pelly 26 (Seth Griffith 19) at 15:33 (PP)
2. Gangsters , Dave Dziurzynski 24 (Brett Ponich 21, Richard Panik 47) at 16:24 (PP)
Penalties :
Phillip Danault (Bro) for Interference (Minor) at 9:21, Keegan Lowe (BIN) for Roughing (Minor) at 14:13, Scott Harrington (BIN) for Tripping (Minor) at 16:04
2nd period
3. Senators , Andy Andreoff 9 (Michal Repik 18, Scott Harrington 25) at 5:50
4. Gangsters , Devante Smith-Pelly 27 (Jonas Brodin 19, Seth Griffith 20) at 11:56
Penalties :
Dave Dziurzynski (Bro) for Holding (Minor) at 5:53, Dave Dziurzynski (Bro) for Interference (Minor) at 12:18, Mason Geertsen (BIN) for High sticking (Minor) at 18:23
3rd period
5. Senators , Brett Bulmer 1 (Matt Frattin 30, Zemgus Girgensons 35) at 1:23 (PP)
6. Gangsters , Matt Delahey 6 (Sebastian Collberg 5, Brett Ponich 22) at 10:07
Penalties :
Brett Ponich (Bro) for Interference (Minor) at 0:31, Adam Ollas-Mattsson (BIN) for Tripping (Minor) at 3:57, Patrick Maroon (BIN) for High sticking (Minor) at 7:53, Dave Dziurzynski (Bro) for Roughing (Minor) at 11:26, Adam Lowry (Bro) for Hooking (Minor) at 17:30
Goalie Stats
Dustin Tokarski (Bro), 34 saves from 36 shots - (0.944), W, 16-12-0, 60:00 minutes
Justin Peters (BIN), 28 saves from 32 shots - (0.875), L, 16-12-2, 60:00 minutes
Players Stats for Gangsters
Player Name G A P +/- PIM S H SB GA TA FO MP PP MP PK MP
------------------------------------------------------------------------------------
Adam Lowry 0 0 0 1 2 0 0 0 0 0 2/2 7:13 0:00 0:00
Artem Anisimov 0 0 0 0 0 3 2 3 1 0 16/26 23:23 4:11 5:37
Brett Ponich 0 2 2 1 2 2 1 2 0 1 0/0 25:50 5:06 5:37
Connor Chatam 0 0 0 0 0 0 0 0 0 0 0/0 0:08 0:04 0:00
Dave Dziurzynski 1 0 1 0 6 5 0 0 0 0 2/4 19:22 4:04 1:03
Derrick Pouliot 0 0 0 -1 0 0 0 0 0 0 0/0 8:57 0:00 0:00
Devante Smith-Pelly 2 0 2 0 0 5 1 0 0 2 1/1 17:54 3:22 2:54
Jacob Middleton 0 0 0 0 0 0 0 0 0 0 0/0 0:52 0:00 0:52
Jake Marchment 0 0 0 0 0 0 0 0 0 0 1/1 0:21 0:15 0:00
Jonas Brodin 0 1 1 1 0 1 0 3 0 2 0/0 19:49 2:31 4:18
Jordan Subban 0 0 0 0 0 0 0 0 0 0 0/0 4:31 0:00 0:00
Joshua Jacobs 0 0 0 0 0 0 0 0 0 0 0/0 0:00 0:00 0:00
Julius Vahatalo 0 0 0 1 0 0 1 0 0 0 0/0 7:13 0:00 0:00
Kevin Roy 0 0 0 0 0 0 0 1 0 0 5/11 8:18 0:00 0:00
Matt Delahey 1 0 1 1 0 4 2 2 1 0 0/0 26:43 5:06 6:29
Morgan Ellis 0 0 0 1 0 0 2 1 0 0 0/0 19:49 2:31 4:18
Phillip Danault 0 0 0 0 2 0 4 2 0 0 0/0 17:41 3:22 1:54
Richard Panik 0 1 1 0 0 2 2 0 0 0 6/11 23:23 4:11 5:37
Ryan Culkin 0 0 0 -1 0 1 0 1 0 0 0/0 8:57 0:00 0:00
Samuel Blais 0 0 0 0 0 0 1 0 0 0 0/0 9:03 0:00 0:39
Sebastian Collberg 0 1 1 1 0 3 0 0 0 0 1/1 7:13 0:00 0:00
Seth Griffith 0 2 2 0 0 2 3 0 0 0 4/10 16:41 3:22 0:59
Stefan Noesen 0 0 0 0 0 3 2 0 0 0 0/1 11:15 0:00 2:51
Steven Santini 0 0 0 0 0 1 1 0 0 0 0/0 4:31 0:00 0:00
Players Stats for Senators
Player Name G A P +/- PIM S H SB GA TA FO MP PP MP PK MP
------------------------------------------------------------------------------------
Adam Ollas-Mattsson 0 0 0 -2 2 1 0 1 0 0 0/0 20:47 4:13 3:19
Andy Andreoff 1 0 1 0 0 3 3 0 0 1 0/0 13:17 0:34 2:42
Blake Coleman 0 0 0 0 0 2 0 0 0 0 1/4 7:32 0:00 0:00
Brett Bulmer 1 0 1 0 0 1 1 0 0 1 0/1 13:21 4:16 0:00
Chandler Stephenson 0 0 0 -1 0 2 3 0 0 0 6/10 15:40 4:06 0:47
Grant Besse 0 0 0 0 0 2 1 0 0 0 0/0 9:03 0:41 0:00
Jake Evans 0 0 0 0 0 1 1 0 0 0 1/6 9:10 0:00 0:00
Jan Mursak 0 0 0 -1 0 3 5 0 0 0 0/0 16:09 4:06 1:10
Keegan Lowe 0 0 0 0 2 1 1 1 1 0 0/0 28:20 6:34 4:06
Mason Geertsen 0 0 0 -1 2 1 0 0 0 0 0/0 23:53 4:13 2:10
Matt Frattin 0 1 1 0 0 7 1 0 1 0 0/1 24:08 6:00 4:24
Maxim Letunov 0 0 0 0 0 0 0 0 0 0 1/7 3:08 0:00 2:59
Michal Repik 0 1 1 0 0 3 0 1 0 0 0/1 9:10 0:00 0:00
Nick Foligno 0 0 0 0 0 1 1 1 0 0 2/2 6:12 0:57 0:42
Patrick Maroon 0 0 0 -1 2 3 0 0 1 0 0/0 7:46 0:00 0:00
Pontus Sjalin 0 0 0 0 0 0 0 0 0 0 0/0 12:55 0:00 1:05
Scott Harrington 0 1 1 1 2 3 1 3 0 0 0/0 32:51 6:34 4:33
Tomas Jurco 0 0 0 0 0 2 0 0 1 0 1/1 14:38 4:06 0:00
Warren Foegele 0 0 0 0 0 0 0 0 0 0 0/1 2:10 1:42 0:00
Zemgus Girgensons 0 1 1 0 0 0 0 1 1 0 18/34 22:08 5:53 2:31
3 Stars
1 - Devante Smith-Pelly (Bro)
2 - Matt Delahey (Bro)
3 - Dustin Tokarski (Bro)
Power Play
Gangsters - 2 on 5 Attempt(s) - 40.00%
Senators - 1 on 6 Attempt(s) - 16.67%
Penalty Kill
Gangsters - 5 on 6 Attempt(s) - 83.33%
- Score 0 goal in Penalty Kill
Senators - 3 on 5 Attempt(s) - 60.00%
- Score 0 goal in Penalty Kill
Team Stat
Gangsters - Hits : 22 - Faceoff Wins : 38 - Blocked Shots : 15 - Penalty Minutes : 12
Senators - Hits : 18 - Faceoff Wins : 30 - Blocked Shots : 8 - Penalty Minutes : 10
Official
Referees : Unknown
Linesman : Unknown
Game Notes
Nick Foligno is injured at 15:59 of 1st period (Upper Body)
Finance
Level 1 -- Attendance: 2000 (100.00%) -- Ticket Income $66,000
Level 2 -- Attendance: 892 (89.20%) -- Ticket Income $13,380
Total Attendance: 2892 (96.40%)
Total Ticket Income: $79,380
Other Income: $3,969
Total Income: $83,349
Gangsters
5 vs 5 Forward
Center Left Wing Right Wing Time % Phy DF OF
1 Artem Anisimov Dave Dziurzynski Richard Panik 40 1 2 2
2 Seth Griffith Phillip Danault Devante Smith-Pelly 30 1 2 2
3 Kevin Roy Samuel Blais Stefan Noesen 20 1 2 2
4 Adam Lowry Julius Vahatalo Sebastian Collberg 10 1 2 2
5 vs 5 Defense
Defense Defense Time % Phy DF OF
1 Matt Delahey Brett Ponich 40 1 2 2
2 Morgan Ellis Jonas Brodin 30 1 2 2
3 Derrick Pouliot Ryan Culkin 20 1 2 2
4 Steven Santini Jordan Subban 10 1 2 2
PowerPlay Forward
Center Left Wing Right Wing Time % Phy DF OF
1 Artem Anisimov Dave Dziurzynski Richard Panik 60 1 2 2
2 Seth Griffith Phillip Danault Devante Smith-Pelly 40 1 2 2
PowerPlay Defense
Defense Defense Time % Phy DF OF
1 Matt Delahey Brett Ponich 60 1 2 2
2 Morgan Ellis Jonas Brodin 40 1 2 2
Penalty Kill 4 Players Forward
Center Wing Time % Phy DF OF
1 Richard Panik Artem Anisimov 60 1 2 2
2 Devante Smith-Pelly Dave Dziurzynski 40 1 2 2
Penalty Kill 4 Players Defense
Defense Defense Time % Phy DF OF
1 Matt Delahey Brett Ponich 60 1 2 2
2 Morgan Ellis Jonas Brodin 40 1 2 2
Penalty Kill - 3 Players Forward
Forward Time % Phy DF OF
1 Richard Panik 60 1 2 2
2 Artem Anisimov 40 1 2 2
Penalty Kill - 3 Players Defense
Defense Defense Time % Phy DF OF
1 Matt Delahey Brett Ponich 60 1 2 2
2 Morgan Ellis Jonas Brodin 40 1 2 2
4 vs 4 Forward
Center Wing Time % Phy DF OF
1 Richard Panik Artem Anisimov 60 1 2 2
2 Devante Smith-Pelly Dave Dziurzynski 40 1 2 2
4 vs 4 Defense
Defense Defense Time % Phy DF OF
1 Matt Delahey Brett Ponich 60 1 2 2
2 Morgan Ellis Jonas Brodin 40 1 2 2
Last Minutes Offensive
Center Left Wing Right Wing Defense Defense
Artem Anisimov Dave Dziurzynski Richard Panik Matt Delahey Brett Ponich
Last Minutes Defensive
Center Left Wing Right Wing Defense Defense
Artem Anisimov Dave Dziurzynski Richard Panik Matt Delahey Brett Ponich
Goaltenders
Starting : Dustin Tokarski
Backup : Jordan Binnington
Extra Forwards
Normal : Jake Marchment, Connor Chatam, Stefan Noesen - PP : Jake Marchment, Connor Chatam - PK : Stefan Noesen
Extra Defensemen
Normal : Joshua Jacobs, Jacob Middleton, Derrick Pouliot - PP : Joshua Jacobs - PK : Jacob Middleton, Derrick Pouliot
Penalty Shots
Richard Panik, Artem Anisimov, Devante Smith-Pelly, Dave Dziurzynski, Stefan Noesen
Scratches
David Pope (Broken Bone (Left Arm) Injury), Hugo Fagerblom (Healthy)
Senators
5 vs 5 Forward
Center Left Wing Right Wing Time % Phy DF OF
1 Zemgus Girgensons Nick Foligno Matt Frattin 40 1 2 2
2 Chandler Stephenson Jan Mursak Tomas Jurco 30 1 2 2
3 Jake Evans Andy Andreoff Michal Repik 20 1 2 2
4 Blake Coleman Patrick Maroon Grant Besse 10 1 2 2
5 vs 5 Defense
Defense Defense Time % Phy DF OF
1 Scott Harrington Keegan Lowe 40 1 2 2
2 Mason Geertsen Adam Ollas-Mattsson 30 1 2 2
3 Pontus Sjalin Scott Harrington 20 1 2 2
4 Keegan Lowe Mason Geertsen 10 1 2 2
PowerPlay Forward
Center Left Wing Right Wing Time % Phy DF OF
1 Zemgus Girgensons Nick Foligno Matt Frattin 60 1 2 2
2 Chandler Stephenson Jan Mursak Tomas Jurco 40 1 2 2
PowerPlay Defense
Defense Defense Time % Phy DF OF
1 Scott Harrington Keegan Lowe 60 1 2 2
2 Mason Geertsen Adam Ollas-Mattsson 40 1 2 2
Penalty Kill 4 Players Forward
Center Wing Time % Phy DF OF
1 Nick Foligno Matt Frattin 60 1 2 2
2 Jan Mursak Andy Andreoff 40 1 2 2
Penalty Kill 4 Players Defense
Defense Defense Time % Phy DF OF
1 Scott Harrington Keegan Lowe 60 1 2 2
2 Mason Geertsen Adam Ollas-Mattsson 40 1 2 2
Penalty Kill - 3 Players Forward
Forward Time % Phy DF OF
1 Nick Foligno 60 1 2 2
2 Matt Frattin 40 1 2 2
Penalty Kill - 3 Players Defense
Defense Defense Time % Phy DF OF
1 Scott Harrington Keegan Lowe 60 1 2 2
2 Mason Geertsen Adam Ollas-Mattsson 40 1 2 2
4 vs 4 Forward
Center Wing Time % Phy DF OF
1 Nick Foligno Matt Frattin 60 1 2 2
2 Jan Mursak Andy Andreoff 40 1 2 2
4 vs 4 Defense
Defense Defense Time % Phy DF OF
1 Scott Harrington Keegan Lowe 60 1 2 2
2 Mason Geertsen Adam Ollas-Mattsson 40 1 2 2
Last Minutes Offensive
Center Left Wing Right Wing Defense Defense
Zemgus Girgensons Nick Foligno Matt Frattin Scott Harrington Keegan Lowe
Last Minutes Defensive
Center Left Wing Right Wing Defense Defense
Zemgus Girgensons Nick Foligno Matt Frattin Scott Harrington Keegan Lowe
Goaltenders
Starting : Justin Peters
Backup : Stephon Williams
Extra Forwards
Normal : Brett Bulmer, Warren Foegele, Maxim Letunov - PP : Brett Bulmer, Warren Foegele - PK : Maxim Letunov
Extra Defensemen
Normal : Pontus Sjalin, Adam Ollas-Mattsson, Scott Harrington - PP : Pontus Sjalin - PK : Adam Ollas-Mattsson, Scott Harrington
Penalty Shots
Nick Foligno, Matt Frattin, Jan Mursak, Andy Andreoff, Patrick Maroon
Scratches
Dylan Blujus (Healthy), Jack Dougherty (Healthy), Keven Bouchard (Healthy)
% Time on Ice - Gangsters
Lines # - Real PCT - Wanted PCT - Time Play
Normal Forward
1 - 35% - 40% - 14:27
2 - 28% - 30% - 11:38
3 - 20% - 20% - 8:18
4 - 17% - 10% - 7:13
Normal Defense
1 - 36% - 40% - 15:08
2 - 31% - 30% - 13:00
3 - 22% - 20% - 8:57
4 - 11% - 10% - 4:31
PP Forward
1 - 56% - 60% - 4:15
2 - 44% - 40% - 3:22
PP Defense
1 - 67% - 60% - 5:06
2 - 33% - 40% - 2:31
PK Forward
1 - 73% - 60% - 7:53
2 - 27% - 40% - 2:54
PK Defense
1 - 60% - 60% - 6:29
2 - 40% - 40% - 4:18
PK3 Forward
1 - 0% - 60%
2 - 0% - 40%
PK3 Defense
1 - 0% - 60%
2 - 0% - 40%
44 Forward
1 - 0% - 60%
2 - 0% - 40%
44 Defense
1 - 0% - 60%
2 - 0% - 40%
Last Minute Offensive - 0:00
Last Minute Defensive - 0:00
Total
Forward - 60:00
Defense - 60:00
|
% Time on Ice - Senators
Lines # - Real PCT - Wanted PCT - Time Play
Normal Forward
1 - 34% - 40% - 14:13
2 - 26% - 30% - 10:41
3 - 22% - 20% - 9:10
4 - 18% - 10% - 7:32
Normal Defense
1 - 33% - 40% - 13:45
2 - 30% - 30% - 12:36
3 - 27% - 20% - 11:21
4 - 9% - 10% - 3:54
PP Forward
1 - 62% - 60% - 6:41
2 - 38% - 40% - 4:06
PP Defense
1 - 61% - 60% - 6:34
2 - 39% - 40% - 4:13
PK Forward
1 - 92% - 60% - 6:59
2 - 8% - 40% - 0:38
PK Defense
1 - 57% - 60% - 4:21
2 - 43% - 40% - 3:16
PK3 Forward
1 - 0% - 60%
2 - 0% - 40%
PK3 Defense
1 - 0% - 60%
2 - 0% - 40%
44 Forward
1 - 0% - 60%
2 - 0% - 40%
44 Defense
1 - 0% - 60%
2 - 0% - 40%
Last Minute Offensive - 0:00
Last Minute Defensive - 0:00
Total
Forward - 60:00
Defense - 60:00
|
Play-by-Play
1st period
0:01 of 1st period - Zemgus Girgensons wins face-off versus Dave Dziurzynski in neutral zone.
0:23 of 1st period - Icing by Brett Ponich.
0:24 of 1st period - Chandler Stephenson wins face-off versus Artem Anisimov in Gangsters zone.
0:27 of 1st period - Slapshot by Michal Repik.
0:27 of 1st period - Stopped by Dustin Tokarski without a rebound.
0:28 of 1st period - Seth Griffith wins face-off versus Jake Evans in Gangsters zone.
0:53 of 1st period - Tomas Jurco is hit by Stefan Noesen and loses puck.
2:47 of 1st period - Matt Delahey is hit by Chandler Stephenson and loses puck.
3:48 of 1st period - Off-side.
3:49 of 1st period - Seth Griffith wins face-off versus Chandler Stephenson in neutral zone.
3:52 of 1st period - Keegan Lowe is hit by Phillip Danault and loses puck.
4:03 of 1st period - Wrist shot by Jan Mursak.
4:03 of 1st period - Stopped by Dustin Tokarski with a rebound.
4:05 of 1st period - Snap shot by Tomas Jurco.
4:05 of 1st period - Shot Hit the Post.
4:17 of 1st period - Wrist shot by Artem Anisimov.
4:17 of 1st period - Deflect By Matt Frattin.
4:17 of 1st period - Shot Blocked by Scott Harrington.
4:17 of 1st period - Puck is out of play.
4:18 of 1st period - Artem Anisimov wins face-off versus Zemgus Girgensons in Senators zone.
4:34 of 1st period - Mason Geertsen is hit by Richard Panik and loses puck.
4:41 of 1st period - Artem Anisimov is hit by Nick Foligno and loses puck.
5:02 of 1st period - Snap shot by Zemgus Girgensons.
5:02 of 1st period - Shot Blocked by Jonas Brodin.
5:04 of 1st period - Snap shot by Keegan Lowe.
5:04 of 1st period - Shot Misses the Net.
5:06 of 1st period - Snap shot by Matt Frattin.
5:06 of 1st period - Stopped by Dustin Tokarski without a rebound.
5:07 of 1st period - Seth Griffith wins face-off versus Chandler Stephenson in Gangsters zone.
5:19 of 1st period - Icing by Jan Mursak.
5:20 of 1st period - Tomas Jurco wins face-off versus Seth Griffith in Senators zone.
5:30 of 1st period - Wrist shot by Seth Griffith.
5:30 of 1st period - Shot Misses the Net.
5:32 of 1st period - Backhand shot by Brett Ponich.
5:32 of 1st period - Shot Misses the Net.
5:34 of 1st period - Slapshot by Matt Delahey.
5:34 of 1st period - Shot Misses the Net.
5:36 of 1st period - Wrist shot by Matt Delahey.
5:36 of 1st period - Deflect By Devante Smith-Pelly.
5:36 of 1st period - Stopped by Justin Peters without a rebound.
5:37 of 1st period - Kevin Roy wins face-off versus Jake Evans in Senators zone.
5:48 of 1st period - Snap shot by Andy Andreoff.
5:48 of 1st period - Shot Blocked by Matt Delahey.
5:50 of 1st period - Wrist shot by Michal Repik.
5:50 of 1st period - Shot Misses the Net.
5:52 of 1st period - Snap shot by Adam Ollas-Mattsson.
5:52 of 1st period - Shot Blocked by Kevin Roy.
6:02 of 1st period - Slapshot by Patrick Maroon.
6:02 of 1st period - Stopped by Dustin Tokarski without a rebound.
6:03 of 1st period - Artem Anisimov wins face-off versus Blake Coleman in Gangsters zone.
6:32 of 1st period - Scott Harrington is hit by Phillip Danault and loses puck.
7:17 of 1st period - Wrist shot by Kevin Roy.
7:17 of 1st period - Shot Blocked by Scott Harrington.
7:19 of 1st period - Snap shot by Samuel Blais.
7:19 of 1st period - Deflect By Stefan Noesen.
7:19 of 1st period - Shot Misses the Net.
7:19 of 1st period - Puck is out of play.
7:20 of 1st period - Kevin Roy wins face-off versus Zemgus Girgensons in Senators zone.
8:13 of 1st period - Snap shot by Grant Besse.
8:13 of 1st period - Stopped by Dustin Tokarski without a rebound.
8:14 of 1st period - Artem Anisimov wins face-off versus Zemgus Girgensons in Gangsters zone.
8:45 of 1st period - Wrist shot by Seth Griffith.
8:45 of 1st period - Stopped by Justin Peters without a rebound.
8:46 of 1st period - Chandler Stephenson wins face-off versus Seth Griffith in Senators zone.
9:21 of 1st period - Minor Penalty to Phillip Danault for Interference.
9:22 of 1st period - Richard Panik wins face-off versus Zemgus Girgensons in Gangsters zone.
9:58 of 1st period - Devante Smith-Pelly is hit by Chandler Stephenson and loses puck.
11:21 of 1st period - Penalty to Phillip Danault is over, Phillip Danault is back on ice.
11:32 of 1st period - Ryan Culkin is hit by Andy Andreoff and loses puck.
11:53 of 1st period - Slapshot by Keegan Lowe.
11:53 of 1st period - Deflect By Steven Santini.
11:53 of 1st period - Stopped by Dustin Tokarski without a rebound.
11:54 of 1st period - Blake Coleman wins face-off versus Seth Griffith in Gangsters zone.
13:52 of 1st period - Snap shot by Stefan Noesen.
13:52 of 1st period - Stopped by Justin Peters without a rebound.
13:53 of 1st period - Kevin Roy wins face-off versus Jake Evans in Senators zone.
13:54 of 1st period - Snap shot by Stefan Noesen.
13:54 of 1st period - Stopped by Justin Peters without a rebound.
13:55 of 1st period - Jake Evans wins face-off versus Artem Anisimov in Senators zone.
14:10 of 1st period - Snap shot by Artem Anisimov.
14:10 of 1st period - Stopped by Justin Peters without a rebound.
14:11 of 1st period - Zemgus Girgensons wins face-off versus Kevin Roy in Senators zone.
14:13 of 1st period - Minor Penalty to Keegan Lowe for Roughing.
14:14 of 1st period - Nick Foligno wins face-off versus Artem Anisimov in Senators zone.
14:39 of 1st period - Scott Harrington is hit by Brett Ponich and loses puck.
15:04 of 1st period - Scott Harrington is hit by Seth Griffith and loses puck.
15:31 of 1st period - Snap shot by Seth Griffith.
15:31 of 1st period - Stopped by Justin Peters with a rebound.
15:33 of 1st period - Snap shot by Devante Smith-Pelly.
15:33 of 1st period - Goal by Devante Smith-Pelly - Gangsters : 1 - Senators : 0.
15:34 of 1st period - Nick Foligno wins face-off versus Artem Anisimov in neutral zone.
15:45 of 1st period - Snap shot by Nick Foligno.
15:45 of 1st period - Stopped by Dustin Tokarski without a rebound.
15:46 of 1st period - Zemgus Girgensons wins face-off versus Richard Panik in Gangsters zone.
15:59 of 1st period - Slapshot by Artem Anisimov.
15:59 of 1st period - Shot Blocked by Nick Foligno.
15:59 of 1st period - Nick Foligno from Senators is injured at 15:59 of 1st period (Upper Body).
16:00 of 1st period - Dave Dziurzynski wins face-off versus Zemgus Girgensons in Senators zone.
16:04 of 1st period - Minor Penalty to Scott Harrington for Tripping.
16:05 of 1st period - Artem Anisimov wins face-off versus Maxim Letunov in Senators zone.
16:07 of 1st period - Snap shot by Dave Dziurzynski.
16:07 of 1st period - Stopped by Justin Peters with a rebound.
16:09 of 1st period - Slapshot by Brett Ponich.
16:09 of 1st period - Stopped by Justin Peters without a rebound.
16:10 of 1st period - Maxim Letunov wins face-off versus Artem Anisimov in Senators zone.
16:10 of 1st period - Maxim Letunov is hit by Richard Panik.
16:24 of 1st period - Snap shot by Dave Dziurzynski.
16:24 of 1st period - Goal by Dave Dziurzynski - Gangsters : 2 - Senators : 0.
16:25 of 1st period - Zemgus Girgensons wins face-off versus Artem Anisimov in neutral zone.
16:28 of 1st period - Brett Ponich is hit by Matt Frattin.
16:56 of 1st period - Icing by Phillip Danault.
16:57 of 1st period - Chandler Stephenson wins face-off versus Seth Griffith in Gangsters zone.
17:12 of 1st period - Slapshot by Devante Smith-Pelly.
17:12 of 1st period - Stopped by Justin Peters with a rebound.
17:22 of 1st period - Snap shot by Seth Griffith.
17:22 of 1st period - Shot Misses the Net.
17:38 of 1st period - Snap shot by Seth Griffith.
17:38 of 1st period - Shot Blocked by Adam Ollas-Mattsson.
17:50 of 1st period - Slapshot by Michal Repik.
17:50 of 1st period - Stopped by Dustin Tokarski with a rebound.
18:50 of 1st period - Icing by Matt Delahey.
18:51 of 1st period - Zemgus Girgensons wins face-off versus Kevin Roy in Gangsters zone.
18:58 of 1st period - Wrist shot by Matt Frattin.
18:58 of 1st period - Shot Misses the Net.
19:06 of 1st period - Wrist shot by Stefan Noesen.
19:06 of 1st period - Shot Misses the Net.
19:08 of 1st period - Slapshot by Ryan Culkin.
19:08 of 1st period - Shot Misses the Net.
19:10 of 1st period - Slapshot by Ryan Culkin.
19:10 of 1st period - Stopped by Justin Peters with a rebound.
19:12 of 1st period - Slapshot by Ryan Culkin.
19:12 of 1st period - Shot Misses the Net.
19:22 of 1st period - Slapshot by Matt Delahey.
19:22 of 1st period - Shot Blocked by Zemgus Girgensons.
19:26 of 1st period - Wrist shot by Stefan Noesen.
19:26 of 1st period - Stopped by Justin Peters with a rebound.
19:28 of 1st period - Wrist shot by Stefan Noesen.
19:28 of 1st period - Shot Misses the Net.
19:30 of 1st period - Backhand shot by Matt Delahey.
19:30 of 1st period - Stopped by Justin Peters without a rebound.
19:31 of 1st period - Dave Dziurzynski wins face-off versus Chandler Stephenson in Senators zone.
19:42 of 1st period - Snap shot by Richard Panik.
19:42 of 1st period - Shot Misses the Net.
Goals for this period are 2 for Gangsters vs 0 for Senators.
Shots for this period are 14 for Gangsters vs 8 for Senators.
2nd period
0:01 of 2nd period - Artem Anisimov wins face-off versus Zemgus Girgensons in neutral zone.
0:04 of 2nd period - Slapshot by Brett Ponich.
0:04 of 2nd period - Stopped by Justin Peters without a rebound.
0:05 of 2nd period - Zemgus Girgensons wins face-off versus Artem Anisimov in Senators zone.
0:20 of 2nd period - Wrist shot by Matt Frattin.
0:20 of 2nd period - Shot Blocked by Brett Ponich.
0:54 of 2nd period - Backhand shot by Patrick Maroon.
0:54 of 2nd period - Stopped by Dustin Tokarski with a rebound.
0:56 of 2nd period - Slapshot by Adam Ollas-Mattsson.
0:56 of 2nd period - Stopped by Dustin Tokarski with a rebound.
0:58 of 2nd period - Slapshot by Mason Geertsen.
0:58 of 2nd period - Shot Blocked by Artem Anisimov.
1:00 of 2nd period - Snap shot by Patrick Maroon.
1:00 of 2nd period - Shot Misses the Net.
1:02 of 2nd period - Wrist shot by Blake Coleman.
1:02 of 2nd period - Stopped by Dustin Tokarski with a rebound.
1:04 of 2nd period - Wrist shot by Patrick Maroon.
1:04 of 2nd period - Deflect By Grant Besse.
1:04 of 2nd period - Stopped by Dustin Tokarski without a rebound.
1:05 of 2nd period - Zemgus Girgensons wins face-off versus Seth Griffith in Gangsters zone.
1:17 of 2nd period - Slapshot by Matt Frattin.
1:17 of 2nd period - Stopped by Dustin Tokarski with a rebound.
1:35 of 2nd period - Snap shot by Sebastian Collberg.
1:35 of 2nd period - Stopped by Justin Peters with a rebound.
1:55 of 2nd period - Backhand shot by Matt Frattin.
1:55 of 2nd period - Stopped by Dustin Tokarski without a rebound.
1:56 of 2nd period - Chandler Stephenson wins face-off versus Kevin Roy in Gangsters zone.
2:07 of 2nd period - Snap shot by Jan Mursak.
2:07 of 2nd period - Deflect By Tomas Jurco.
2:07 of 2nd period - Shot Blocked by Brett Ponich.
2:07 of 2nd period - Puck is out of play.
2:08 of 2nd period - Chandler Stephenson wins face-off versus Artem Anisimov in Gangsters zone.
2:42 of 2nd period - Keegan Lowe is hit by Devante Smith-Pelly and loses puck.
2:57 of 2nd period - Patrick Maroon is hit by Morgan Ellis and loses puck.
3:04 of 2nd period - Snap shot by Sebastian Collberg.
3:04 of 2nd period - Stopped by Justin Peters with a rebound.
3:10 of 2nd period - Slapshot by Keegan Lowe.
3:10 of 2nd period - Deflect By Patrick Maroon.
3:10 of 2nd period - Stopped by Dustin Tokarski with a rebound.
3:42 of 2nd period - Snap shot by Grant Besse.
3:42 of 2nd period - Shot Blocked by Ryan Culkin.
3:44 of 2nd period - Slapshot by Scott Harrington.
3:44 of 2nd period - Stopped by Dustin Tokarski without a rebound.
3:45 of 2nd period - Zemgus Girgensons wins face-off versus Artem Anisimov in Gangsters zone.
4:21 of 2nd period - Brett Ponich is hit by Jan Mursak.
4:40 of 2nd period - Off-side.
4:41 of 2nd period - Devante Smith-Pelly wins face-off versus Michal Repik in neutral zone.
4:44 of 2nd period - Wrist shot by Phillip Danault.
4:44 of 2nd period - Shot Blocked by Scott Harrington.
5:01 of 2nd period - Steven Santini is hit by Jake Evans and loses puck.
5:33 of 2nd period - Wrist shot by Michal Repik.
5:33 of 2nd period - Stopped by Dustin Tokarski with a rebound.
5:35 of 2nd period - Wrist shot by Scott Harrington.
5:35 of 2nd period - Stopped by Dustin Tokarski with a rebound.
5:48 of 2nd period - Snap shot by Andy Andreoff.
5:48 of 2nd period - Shot Blocked by Phillip Danault.
5:50 of 2nd period - Wrist shot by Andy Andreoff.
5:50 of 2nd period - Goal by Andy Andreoff - Gangsters : 2 - Senators : 1.
5:51 of 2nd period - Artem Anisimov wins face-off versus Zemgus Girgensons in neutral zone.
5:53 of 2nd period - Minor Penalty to Dave Dziurzynski for Holding.
5:54 of 2nd period - Zemgus Girgensons wins face-off versus Richard Panik in Gangsters zone.
6:36 of 2nd period - Snap shot by Tomas Jurco.
6:36 of 2nd period - Stopped by Dustin Tokarski with a rebound.
6:56 of 2nd period - Scott Harrington is hit by Matt Delahey and loses puck.
7:53 of 2nd period - Penalty to Dave Dziurzynski is over, Dave Dziurzynski is back on ice.
8:19 of 2nd period - Off-side.
8:20 of 2nd period - Adam Lowry wins face-off versus Blake Coleman in neutral zone.
8:31 of 2nd period - Wrist shot by Sebastian Collberg.
8:31 of 2nd period - Stopped by Justin Peters with a rebound.
8:35 of 2nd period - Wrist shot by Brett Ponich.
8:35 of 2nd period - Shot Misses the Net.
8:51 of 2nd period - Wrist shot by Jan Mursak.
8:51 of 2nd period - Stopped by Dustin Tokarski with a rebound.
9:13 of 2nd period - Snap shot by Andy Andreoff.
9:13 of 2nd period - Stopped by Dustin Tokarski without a rebound.
9:14 of 2nd period - Zemgus Girgensons wins face-off versus Richard Panik in Gangsters zone.
9:17 of 2nd period - Snap shot by Matt Frattin.
9:17 of 2nd period - Stopped by Dustin Tokarski with a rebound.
9:44 of 2nd period - Slapshot by Jonas Brodin.
9:44 of 2nd period - Deflect By Tomas Jurco.
9:44 of 2nd period - Stopped by Justin Peters with a rebound.
10:54 of 2nd period - Off-side.
10:55 of 2nd period - Zemgus Girgensons wins face-off versus Kevin Roy in neutral zone.
10:58 of 2nd period - Wrist shot by Matt Frattin.
10:58 of 2nd period - Stopped by Dustin Tokarski without a rebound.
10:59 of 2nd period - Kevin Roy wins face-off versus Brett Bulmer in Gangsters zone.
11:30 of 2nd period - Tomas Jurco is hit by Artem Anisimov and loses puck.
11:45 of 2nd period - Jake Evans is hit by Seth Griffith and loses puck.
11:52 of 2nd period - Snap shot by Devante Smith-Pelly.
11:52 of 2nd period - Shot Misses the Net.
11:54 of 2nd period - Slapshot by Jonas Brodin.
11:54 of 2nd period - Shot Blocked by Michal Repik.
11:56 of 2nd period - Wrist shot by Devante Smith-Pelly.
11:56 of 2nd period - Goal by Devante Smith-Pelly - Gangsters : 3 - Senators : 1.
11:57 of 2nd period - Artem Anisimov wins face-off versus Zemgus Girgensons in neutral zone.
12:18 of 2nd period - Minor Penalty to Dave Dziurzynski for Interference.
12:19 of 2nd period - Richard Panik wins face-off versus Matt Frattin in Gangsters zone.
12:27 of 2nd period - Off-side.
12:28 of 2nd period - Richard Panik wins face-off versus Zemgus Girgensons in neutral zone.
12:42 of 2nd period - Off-side.
12:43 of 2nd period - Zemgus Girgensons wins face-off versus Richard Panik in neutral zone.
12:58 of 2nd period - Snap shot by Matt Frattin.
12:58 of 2nd period - Stopped by Dustin Tokarski with a rebound.
13:20 of 2nd period - Brett Ponich is hit by Jan Mursak and loses puck.
13:51 of 2nd period - Tomas Jurco is hit by Morgan Ellis and loses puck.
13:58 of 2nd period - Snap shot by Jan Mursak.
13:58 of 2nd period - Shot Blocked by Morgan Ellis.
14:00 of 2nd period - Wrist shot by Tomas Jurco.
14:00 of 2nd period - Deflect By Jan Mursak.
14:00 of 2nd period - Shot Blocked by Jonas Brodin.
14:00 of 2nd period - Puck is out of play.
14:01 of 2nd period - Richard Panik wins face-off versus Zemgus Girgensons in Gangsters zone.
14:18 of 2nd period - Penalty to Dave Dziurzynski is over, Dave Dziurzynski is back on ice.
14:35 of 2nd period - Slapshot by Ryan Culkin.
14:35 of 2nd period - Shot Misses the Net.
14:52 of 2nd period - Jonas Brodin is hit by Grant Besse and loses puck.
15:11 of 2nd period - Matt Frattin is hit by Stefan Noesen.
16:42 of 2nd period - Wrist shot by Dave Dziurzynski.
16:42 of 2nd period - Shot Misses the Net.
18:02 of 2nd period - Wrist shot by Jake Evans.
18:02 of 2nd period - Stopped by Dustin Tokarski without a rebound.
18:03 of 2nd period - Adam Lowry wins face-off versus Jake Evans in Gangsters zone.
18:03 of 2nd period - Adam Lowry is hit by Andy Andreoff.
18:15 of 2nd period - Snap shot by Michal Repik.
18:15 of 2nd period - Deflect By Andy Andreoff.
18:15 of 2nd period - Shot Misses the Net.
18:15 of 2nd period - Puck is out of play.
18:16 of 2nd period - Artem Anisimov wins face-off versus Zemgus Girgensons in Gangsters zone.
18:16 of 2nd period - Artem Anisimov is hit by Brett Bulmer.
18:23 of 2nd period - Minor Penalty to Mason Geertsen for High sticking.
18:24 of 2nd period - Artem Anisimov wins face-off versus Maxim Letunov in Senators zone.
18:36 of 2nd period - Slapshot by Dave Dziurzynski.
18:36 of 2nd period - Shot Misses the Net.
18:38 of 2nd period - Snap shot by Richard Panik.
18:38 of 2nd period - Shot Blocked by Keegan Lowe.
18:40 of 2nd period - Wrist shot by Artem Anisimov.
18:40 of 2nd period - Stopped by Justin Peters without a rebound.
18:41 of 2nd period - Artem Anisimov wins face-off versus Maxim Letunov in Senators zone.
19:06 of 2nd period - Matt Frattin is hit by Seth Griffith and loses puck.
Goals for this period are 1 for Gangsters vs 1 for Senators.
Shots for this period are 7 for Gangsters vs 18 for Senators.
3rd period
0:01 of 3rd period - Artem Anisimov wins face-off versus Maxim Letunov in neutral zone.
0:23 of 3rd period - Penalty to Mason Geertsen is over, Mason Geertsen is back on ice.
0:31 of 3rd period - Minor Penalty to Brett Ponich for Interference.
0:32 of 3rd period - Richard Panik wins face-off versus Zemgus Girgensons in Gangsters zone.
0:42 of 3rd period - Slapshot by Richard Panik.
0:42 of 3rd period - Stopped by Justin Peters with a rebound.
0:47 of 3rd period - Icing by Matt Frattin.
0:48 of 3rd period - Richard Panik wins face-off versus Zemgus Girgensons in Senators zone.
1:05 of 3rd period - Wrist shot by Matt Frattin.
1:05 of 3rd period - Shot Misses the Net.
1:07 of 3rd period - Wrist shot by Matt Frattin.
1:07 of 3rd period - Stopped by Dustin Tokarski with a rebound.
1:09 of 3rd period - Snap shot by Keegan Lowe.
1:09 of 3rd period - Shot Blocked by Matt Delahey.
1:21 of 3rd period - Snap shot by Matt Frattin.
1:21 of 3rd period - Shot Misses the Net.
1:23 of 3rd period - Wrist shot by Brett Bulmer.
1:23 of 3rd period - Goal by Brett Bulmer - Gangsters : 3 - Senators : 2.
1:24 of 3rd period - Seth Griffith wins face-off versus Chandler Stephenson in neutral zone.
1:37 of 3rd period - Snap shot by Jan Mursak.
1:37 of 3rd period - Stopped by Dustin Tokarski without a rebound.
1:38 of 3rd period - Artem Anisimov wins face-off versus Zemgus Girgensons in Gangsters zone.
1:47 of 3rd period - Slapshot by Matt Delahey.
1:47 of 3rd period - Deflect By Matt Frattin.
1:47 of 3rd period - Stopped by Justin Peters without a rebound.
1:48 of 3rd period - Artem Anisimov wins face-off versus Zemgus Girgensons in Senators zone.
1:51 of 3rd period - Wrist shot by Dave Dziurzynski.
1:51 of 3rd period - Stopped by Justin Peters with a rebound.
1:53 of 3rd period - Slapshot by Brett Ponich.
1:53 of 3rd period - Shot Misses the Net.
1:55 of 3rd period - Snap shot by Richard Panik.
1:55 of 3rd period - Stopped by Justin Peters with a rebound.
1:57 of 3rd period - Wrist shot by Artem Anisimov.
1:57 of 3rd period - Stopped by Justin Peters without a rebound.
1:58 of 3rd period - Zemgus Girgensons wins face-off versus Dave Dziurzynski in Senators zone.
2:09 of 3rd period - Wrist shot by Matt Frattin.
2:09 of 3rd period - Shot Misses the Net.
2:29 of 3rd period - Wrist shot by Tomas Jurco.
2:29 of 3rd period - Shot Misses the Net.
2:31 of 3rd period - Slapshot by Mason Geertsen.
2:31 of 3rd period - Stopped by Dustin Tokarski with a rebound.
2:33 of 3rd period - Wrist shot by Chandler Stephenson.
2:33 of 3rd period - Stopped by Dustin Tokarski without a rebound.
2:34 of 3rd period - Zemgus Girgensons wins face-off versus Kevin Roy in Gangsters zone.
3:24 of 3rd period - Michal Repik is hit by Phillip Danault and loses puck.
3:47 of 3rd period - Snap shot by Devante Smith-Pelly.
3:47 of 3rd period - Stopped by Justin Peters without a rebound.
3:48 of 3rd period - Sebastian Collberg wins face-off versus Blake Coleman in Senators zone.
3:53 of 3rd period - Slapshot by Steven Santini.
3:53 of 3rd period - Deflect By Scott Harrington.
3:53 of 3rd period - Stopped by Justin Peters without a rebound.
3:54 of 3rd period - Zemgus Girgensons wins face-off versus Artem Anisimov in Senators zone.
3:54 of 3rd period - Zemgus Girgensons is hit by Artem Anisimov.
3:57 of 3rd period - Minor Penalty to Adam Ollas-Mattsson for Tripping.
3:58 of 3rd period - Artem Anisimov wins face-off versus Maxim Letunov in Senators zone.
5:57 of 3rd period - Penalty to Adam Ollas-Mattsson is over, Adam Ollas-Mattsson is back on ice.
6:01 of 3rd period - Snap shot by Chandler Stephenson.
6:01 of 3rd period - Stopped by Dustin Tokarski without a rebound.
6:02 of 3rd period - Chandler Stephenson wins face-off versus Kevin Roy in Gangsters zone.
7:53 of 3rd period - Minor Penalty to Patrick Maroon for High sticking.
7:54 of 3rd period - Artem Anisimov wins face-off versus Maxim Letunov in Senators zone.
8:38 of 3rd period - Adam Ollas-Mattsson is hit by Matt Delahey and loses puck.
9:53 of 3rd period - Penalty to Patrick Maroon is over, Patrick Maroon is back on ice.
10:05 of 3rd period - Slapshot by Matt Delahey.
10:05 of 3rd period - Stopped by Justin Peters with a rebound.
10:07 of 3rd period - Slapshot by Matt Delahey.
10:07 of 3rd period - Goal by Matt Delahey - Gangsters : 4 - Senators : 2.
10:08 of 3rd period - Zemgus Girgensons wins face-off versus Seth Griffith in neutral zone.
10:20 of 3rd period - Off-side.
10:21 of 3rd period - Artem Anisimov wins face-off versus Zemgus Girgensons in neutral zone.
10:28 of 3rd period - Snap shot by Dave Dziurzynski.
10:28 of 3rd period - Stopped by Justin Peters with a rebound.
10:58 of 3rd period - Wrist shot by Jake Evans.
10:58 of 3rd period - Shot Misses the Net.
11:10 of 3rd period - Snap shot by Grant Besse.
11:10 of 3rd period - Shot Blocked by Artem Anisimov.
11:12 of 3rd period - Slapshot by Scott Harrington.
11:12 of 3rd period - Stopped by Dustin Tokarski with a rebound.
11:14 of 3rd period - Snap shot by Patrick Maroon.
11:14 of 3rd period - Shot Blocked by Artem Anisimov.
11:16 of 3rd period - Slapshot by Keegan Lowe.
11:16 of 3rd period - Shot Blocked by Jonas Brodin.
11:18 of 3rd period - Snap shot by Blake Coleman.
11:18 of 3rd period - Stopped by Dustin Tokarski with a rebound.
11:26 of 3rd period - Minor Penalty to Dave Dziurzynski for Roughing.
11:27 of 3rd period - Zemgus Girgensons wins face-off versus Stefan Noesen in Gangsters zone.
11:52 of 3rd period - Richard Panik is hit by Chandler Stephenson and loses puck.
12:01 of 3rd period - Wrist shot by Tomas Jurco.
12:01 of 3rd period - Stopped by Dustin Tokarski with a rebound.
12:17 of 3rd period - Adam Ollas-Mattsson is hit by Phillip Danault and loses puck.
12:44 of 3rd period - Brett Ponich is hit by Jan Mursak and loses puck.
13:26 of 3rd period - Penalty to Dave Dziurzynski is over, Dave Dziurzynski is back on ice.
13:33 of 3rd period - Wrist shot by Andy Andreoff.
13:33 of 3rd period - Shot Misses the Net.
13:35 of 3rd period - Slapshot by Andy Andreoff.
13:35 of 3rd period - Stopped by Dustin Tokarski with a rebound.
13:37 of 3rd period - Slapshot by Michal Repik.
13:37 of 3rd period - Shot Blocked by Phillip Danault.
14:29 of 3rd period - Jake Evans is hit by Steven Santini.
14:39 of 3rd period - Stefan Noesen is hit by Keegan Lowe and loses puck.
14:56 of 3rd period - Richard Panik is hit by Jan Mursak and loses puck.
15:54 of 3rd period - Steven Santini is hit by Scott Harrington and loses puck.
16:13 of 3rd period - Patrick Maroon is hit by Julius Vahatalo and loses puck.
16:24 of 3rd period - Julius Vahatalo is hit by Andy Andreoff.
17:30 of 3rd period - Minor Penalty to Adam Lowry for Hooking.
17:31 of 3rd period - Zemgus Girgensons wins face-off versus Richard Panik in Gangsters zone.
17:34 of 3rd period - Snap shot by Zemgus Girgensons.
17:34 of 3rd period - Shot Misses the Net.
17:42 of 3rd period - Slapshot by Matt Frattin.
17:42 of 3rd period - Shot Misses the Net.
17:54 of 3rd period - Richard Panik is hit by Jan Mursak and loses puck.
19:30 of 3rd period - Penalty to Adam Lowry is over, Adam Lowry is back on ice.
19:34 of 3rd period - Icing by Mason Geertsen.
19:35 of 3rd period - Jake Marchment wins face-off versus Warren Foegele in Senators zone.
19:36 of 3rd period - Slapshot by Dave Dziurzynski.
19:36 of 3rd period - Stopped by Justin Peters without a rebound.
19:37 of 3rd period - Kevin Roy wins face-off versus Jake Evans in Senators zone.
19:40 of 3rd period - Snap shot by Stefan Noesen.
19:40 of 3rd period - Shot Misses the Net.
19:55 of 3rd period - Scott Harrington is hit by Samuel Blais and loses puck.
Goals for this period are 1 for Gangsters vs 1 for Senators.
Shots for this period are 11 for Gangsters vs 10 for Senators.
Back to the Top